 Dungeon Crawl Stone Soup version 0.32-a0-814-g0968bab981 (webtiles) character file.

Game seed: 16936945237194262833

180212 pokeman the Sorcerer (level 17, 0/96 HPs)
             Began as a Deep Elf Hedge Wizard on Mar 21, 2024.
             Was the Champion of Vehumet.
             Killed by miscasting Ozocubu's Refrigeration (9 damage)
             ... on level 4 of the Shoals on Mar 22, 2024.
             The game lasted 01:44:40 (32897 turns).

pokeman the Sorcerer (Deep Elf Hedge Wizard)       Turns: 32897, Time: 01:44:41

Health: 0/96       AC: 23    Str:  7    XL:     17   Next: 63%
Magic:  25/57      EV:  9    Int: 28    God:    Vehumet [******]
Gold:   2684       SH:  5    Dex: 14    Spells: 20/66 levels left

rFire   . . .        b - staff of earth
rCold   + . .        h - +0 buckler of Proximity {Fly rC+ SInv}
rNeg    + . .        V - +6 ring mail of Hedonism {rN+}
rPois   +            x - +0 helmet "Issutt" {Harm +Blink rPois}
rElec   .            B - +1 cloak {rPois}
rCorr   .            o - +0 pair of gloves
SInv    +            w - +0 pair of boots
Will    +....        f - amulet of magic regeneration
Stlth   ++           g - ring of magical power
HPRegen 0.36/turn    y - +4 ring of protection
MPRegen 0.75/turn

%: harm (+30% outgoing, +20% incoming)
@: flying, mesmerised, slightly contaminated
A: no striking features
a: Renounce Religion, Evoke Blink


You were on level 4 of the Shoals.
You worshipped Vehumet.
Vehumet was exalted by your worship.
You visited 5 branches of the dungeon, and saw 27 of its levels.
You visited 1 bazaar.
You also visited: Sewer and Ice Cave.

You collected 3353 gold pieces.
You spent 669 gold pieces at shops.

Inventory:

Hand Weapons
 e - the +11 Singing Sword {sonic wave}
   (You found it on level 1 of the Shoals)
 n - the +8 broad axe of Zeonax {protect, rElec rF+ Str+2}
   (You found it on level 15 of the Dungeon)

   Str+2:     It affects your strength (+2).
   rF+:       It protects you from fire.
   rElec:     It insulates you from electricity.
 L - a +1 short sword of venom
Missiles
 j - 2 throwing nets
 O - 6 curare-tipped darts
Armour
 c - a +2 ring mail of poison resistance
 h - the +0 buckler of Proximity (worn) {Fly rC+ SInv}
   (You acquired it in an ice cave)

   rC+:       It protects you from cold.
   SInv:      It lets you see invisible.
   Fly:       It grants you flight.
 o - a +0 pair of gloves (worn)
 w - a +0 pair of boots (worn)
 x - the +0 helmet "Issutt" (worn) {Harm +Blink rPois}
   (You took it off Robin on level 3 of the Dungeon)

   rPois:     It protects you from poison.
   +Blink:    It lets you blink.
   Harm:      It increases damage dealt and taken.
 B - a +1 cloak of poison resistance (worn)
 P - the +1 leather armour of Past Mistakes {rF+ Int+4}
   (You found it on level 5 of the Lair of Beasts)

   Int+4:     It affects your intelligence (+4).
   rF+:       It protects you from fire.
 V - the +6 ring mail of Hedonism (worn) {rN+}
   (You found it on level 10 of the Dungeon)

   rN+:       It protects you from negative energy.
Magical Staves
 b - a staff of earth (weapon)
Jewellery
 f - an amulet of magic regeneration (around neck)
 g - a ring of magical power (left hand)
 y - a +4 ring of protection (right hand)
 J - a ring of fire
Wands
 a - a wand of paralysis (14)
 k - a wand of polymorph (4)
 s - a wand of acid (13)
 u - a wand of flame (15)
 R - a wand of roots (9)
Scrolls
 i - a scroll of vulnerability
 l - 4 scrolls of blinking
 r - a scroll of brand weapon
 A - 6 scrolls of revelation
 C - 11 scrolls of teleportation
 E - a scroll of fog
Potions
 d - 5 potions of magic
 m - a potion of enlightenment
 p - a potion of mutation
 q - a potion of ambrosia
 t - 11 potions of curing
 v - a potion of invisibility
 z - 2 potions of brilliance
 D - 3 potions of haste
 H - 2 potions of heal wounds
 N - 4 potions of lignification
 S - 6 potions of might
 X - a potion of cancellation
Miscellaneous
 F - a lightning rod (4/4)


   Skills:
 - Level 7.0 Fighting
 + Level 7.4 Armour
 - Level 3.0 Dodging
 - Level 3.0 Stealth
 - Level 6.5 Shields
 * Level 25.4 Spellcasting
 + Level 15.7 Conjurations
 - Level 1.1 Summonings
 - Level 5.2 Necromancy
 - Level 1.1 Translocations
 - Level 1.0 Fire Magic
 + Level 9.1 Ice Magic
 - Level 2.0 Air Magic
 + Level 13.9 Earth Magic
 - Level 2.0 Alchemy
 - Level 1.0 Evocations


You had 20 spell levels left.
You knew the following spells:

 Your Spells              Type           Power      Damage    Failure   Level
a - Magic Dart            Conj           100%       1d8       0%          1
b - Mephitic Cloud        Conj/Alch/Air  64%        N/A       1%          3
c - Call Imp              Summ           82%        N/A       3%          2
d - Blink                 Tloc           82%        N/A       3%          2
e - Stone Arrow           Conj/Erth      100%       3d13      0%          3
f - Lee's Rapid Deconstr  Erth           53%        3d25*     1%          5
g - Bombard               Conj/Erth      54%        9d9       1%          6
h - Irradiate             Conj/Alch      35%        3d23      1%          5
i - Petrify               Alch/Erth      88%        N/A       1%          4
j - Ozocubu's Refrigerat  Ice            36%        4d15      17%         7
k - Lehudib's Crystal Sp  Conj/Erth      54%        10d13     13%         8

Your spell library contained the following spells:

 Spells                   Type           Power      Damage    Failure   Level
 Chain Lightning          Conj/Air       35%        3d47      100%        9
 Fire Storm               Conj/Fire      35%        8d9       100%        9
 Polar Vortex             Ice            36%        12d4*     100%        9
 Foxfire                  Conj/Fire      100%       2x1d9     1%          1
 Necrotise                Necr           100%       1d9       1%          1
 Sting                    Conj/Alch      100%       1d9       1%          1
 Cigotuvi's Dreadful Rot  Necr/Alch/Air  100%       N/A       1%          2
 Ensorcelled Hibernation  Hex/Ice        100%       N/A       1%          2
 Mercury Vapours          Alch/Air       94%        N/A       1%          2
 Hailstorm                Conj/Ice       81%        3d14      1%          3
 Passwall                 Erth           100%       N/A       1%          3
 Volatile Blastmotes      Fire/Tloc      82%        2d16      1%          3
 Apportation              Tloc           82%        N/A       2%          1
 Summon Small Mammal      Summ           100%       N/A       2%          1
 Slow                     Hex            100%       N/A       3%          1
 Swiftness                Air            47%        N/A       4%          3
 Olgreb's Toxic Radiance  Alch           46%        N/A       4%          4
 Starburst                Conj/Fire      35%        6d10      4%          6
 Call Canine Familiar     Summ           41%        N/A       7%          3
 Sigil of Binding         Hex            35%        N/A       11%         3
 Anguish                  Hex/Necr       25%        N/A       12%         4
 Metabolic Englaciation   Hex/Ice        28%        N/A       14%         5
 Summon Blazeheart Golem  Fire/Summ      41%        N/A       22%         4
 Dimensional Bullseye     Hex/Tloc       19%        N/A       28%         4
 Cause Fear               Hex            17%        N/A       34%         4
 Sculpt Simulacrum        Ice/Alch       30%        N/A       47%         6
 Summon Forest            Summ/Tloc      20%        N/A       52%         5
 Summon Mana Viper        Hex/Summ       38%        N/A       61%         5
 Summon Cactus Giant      Summ           20%        N/A       98%         6
 Disjunction              Tloc           20%        N/A       100%        8


Dungeon Overview and Level Annotations

Branches:
Dungeon (15/15)            Temple (1/1) D:5            Lair (5/5) D:9
 Shoals (4/4) Lair:2       Spider (0/4) Lair:2        Slime (0/5) Lair:4
    Orc (2/2) D:11            Elf (0/3) Orc:2        Vaults (0/5) D:13
 Depths (0/4) D:15          Sewer (visited)           IceCv (visited)

Altars:
Ashenzari
Cheibriados
Dithmenos
Elyvilon
Fedhas
Gozag
Hepliaklqana
Kikubaaqudgha
Makhleb
Nemelex Xobeh
Okawaru
Qazlal
Ru
Sif Muna
Trog
Uskayaw
Vehumet
Wu Jian
Xom
Yredelemnul
Zin
The Shining One
Jiyva

Shops:
D:6 *   D:10 ?   D:13 :   Orc:1 [   Orc:2 ([:(:(*   Shoals:1 *

Annotations:
D:15 1 runed translucent door, exclusion: orange crystal statue


Message History

You resist.
* * * LOW HITPOINT WARNING * * *
The merfolk javelineer is engulfed in noxious fumes.
The merfolk javelineer appears confused.
The merfolk javelineer is engulfed in noxious fumes.
The merfolk javelineer appears confused.
The merfolk avatar chants its luring song.
The merfolk impaler is engulfed in noxious fumes.
The merfolk javelineer is engulfed in noxious fumes.
The merfolk javelineer appears confused.
Casting: Ozocubu's Refrigeration (quite dangerous; 17% risk of failure)
Confirm with . or Enter, or press ? or * to list all spells.
The heat is drained from your surroundings.
The merfolk javelineer is severely wounded.
The merfolk avatar is heavily wounded.
You kill the merfolk javelineer!
Vehumet accepts your kill.
You feel your power returning.
The merfolk impaler is heavily wounded.
The plant begins to die.
The plant is lightly damaged.
The plant begins to die.
The plant is lightly damaged.
The pull of its song draws you forwards.
The merfolk javelineer is engulfed in noxious fumes.
The merfolk javelineer appears confused.
The merfolk javelineer hits the merfolk impaler with a +2 vampiric spear.
The merfolk javelineer is healed.
The merfolk impaler is engulfed in noxious fumes.
The merfolk avatar chants its luring song.
Unknown command.
Casting: Ozocubu's Refrigeration (quite dangerous; 17% risk of failure)
Confirm with . or Enter, or press ? or * to list all spells.
You don't know that spell.
Casting: Ozocubu's Refrigeration (quite dangerous; 17% risk of failure)
Confirm with . or Enter, or press ? or * to list all spells.
You miscast Ozocubu's Refrigeration.
You are lightly contaminated with residual magic.
Your hands feel numb with cold!
You resist.
You die...

≈. ~~~~~~≈~P~ ≈.≈ ~~~~~~P~~~ ..≈
.~≈ ~~.~~~~..~ .~##.~≈≈
~..~~~...~ ~##..~≈≈≈ #..~~~..#.~~
##.~~~~~~~ ## ##..~~..##..~
~~~~~~~~~..###.##.<.~~.......
~~~~~~~~~~..........~~~......
~~~~~~~~~.......@..~~~.......#
~~...~~~~~..☼§○m...~~~~.~.......
<~...~~~~~§§○.☼§m..~~~~~~.......
~~.....~~.§.§☼☼...~~~≈~~~.......
≈~~~~..~~~.m....~~~~≈≈≈~~~~......
≈≈.....~~~~.....~~~~≈≈≈≈~.~..#...
~≈~....~~~~~~~######≈≈~~.~~~.#..P
≈~~....[~~~~~#~ ##...~~~P.....
≈≈~.....~~~(#~~ ##~~.......~~


You could see a merfolk avatar (mesmerising), a merfolk impaler (confused) and a
merfolk javelineer (confused).

Vanquished Creatures
  Bai Suzhen (Shoals:4)
  Jorgrun (D:12)
  Polyphemus (Shoals:2)
  A kraken (Shoals:1)
  Ilsuiw (Shoals:2)
  2 orc warlords
  4 merfolk javelineers
  3 merfolk impalers
  An entropy weaver (shapeshifter) (D:13)
  Josephine (D:12)
  Erolcha (Orc:1)
  4 hydras
  Fannar (Lair:1)
  2 ogre magi (Orc:2)
  4 catoblepae
  The ghost of lunkers the Cleaver, a journeyman CoBe of Trog (Lair:2)
  A merfolk avatar (Shoals:3)
  3 centaur warriors
  5 boulder beetles
  5 satyrs
  Erica (D:8)
  An alligator snapping turtle (Shoals:4)
  9 death yaks
  3 tengu warriors
  14 two-headed ogres
  A demonic crawler (Lair:2)
  An orc high priest (Orc:2)
  15 spriggans (Lair:5)
  11 skysharks
  A spark wasp zombie (D:15)
  2 deep trolls (Orc:2)
  7 skeletal warriors
  Lodul (D:10)
  13 sea snakes
  A deep elf archer (D:13)
  A lindwurm (Lair:1)
  A flayed ghost (D:15)
  2 necromancers
  4 deep elf pyromancers
  2 harpies (Shoals:4)
  An obsidian bat (Orc:2)
  5 orc sorcerers
  4 orc knights
  6 ugly things
  12 manticores
  11 cyclopes
  2 oklob plants (Lair:4)
  Maurice (D:8)
  11 fauns
  33 elephants
  2 kobold blastminers (Orc:2)
  2 water nymphs
  3 ice statues (IceCv)
  9 merfolk sirens
  4 black mambas
  Jeremiah (D:8)
  19 cane toads
  4 centaur skeletons (D:13)
  A kobold demonologist (D:9)
  7 rime drakes
  13 komodo dragons
  Psyche (D:8)
  An anaconda simulacrum (IceCv)
  2 tengu conjurers
  A queen bee (Lair:2)
  A polar bear (shapeshifter) (D:15)
  5 wind drakes
  14 trolls
  30 merfolk
  12 polar bears
  7 hornets
  4 snapping turtles
  2 spriggan zombies (D:15)
  10 slime creatures
  15 blink frogs
  11 dream sheep
  2 shadows
  2 centaur simulacra (D:13)
  A vampire (D:7)
  Sigmund (D:4)
  4 wraiths
  2 water elementals
  A hog (shapeshifter) (D:15)
  12 wyverns
  2 humans (D:7)
  3 steam dragons
  66 yaks
  8 basilisks
  A human (shapeshifter) (D:15)
  A death yak simulacrum (IceCv)
  19 vampire mosquitoes
  3 wargs
  A swamp worm (Lair:2)
  3 acid dragons
  A harpy simulacrum (IceCv)
  23 water moccasins
  A hydra simulacrum (IceCv)
  Pargi (Sewer)
  A meliai simulacrum (D:13)
  22 orc warriors
  6 sky beasts
  3 ice beasts
  12 black bears
  33 wolves
  12 boggarts
  28 ogres
  10 centaurs
  2 kobold brigands
  A weeping skull (D:6)
  14 bullfrogs
  A brain worm (Sewer)
  A gnoll sergeant (D:7)
  4 scorpions
  2 cane toad simulacra (IceCv)
  7 wights
  37 killer bees
  An elephant simulacrum (IceCv)
  3 electric eels
  A bombardier beetle (D:4)
  A howler monkey (D:7)
  2 hounds (D:6)
  18 orc priests
  4 jellies
  2 gnoll boudas
  3 sleepcaps
  A hell rat (Lair:2)
  8 iguanas
  22 orc wizards
  A polar bear simulacrum (Lair:3)
  5 wolf simulacra (Lair:3)
  Robin (D:3)
  16 gnolls
  11 adders
  A river rat (Lair:3)
  2 shadow imps (D:7)
  3 white imps
  4 ufetubi
  5 ribbon worms
  3 dart slugs
  81 orcs
  7 endoplasms
  7 giant cockroaches
  20 goblins
  16 hobgoblins
  2 jackals (D:3)
  4 quokkas
  8 ball pythons
  10 bats
  2 frilled lizards
  13 kobolds
  5 rats
  5 river rat simulacra (Lair:3)
  A spectral orc (D:6)
  3 tentacles (Shoals:1)
1057 creatures vanquished.

Vanquished Creatures (collateral kills)
  A water moccasin (D:6)
  A hound (D:4)
2 creatures vanquished.

Vanquished Creatures (others)
  8 tentacles (Shoals:1)
8 creatures vanquished.

Grand Total: 1067 creatures vanquished

Notes
Turn   | Place    | Note
-------+----------+-------------------------------------------
     0 | D:1      | pokeman the Deep Elf Hedge Wizard began the quest for the
                  | Orb.
     0 | D:1      | Reached XP level 1. HP: 10/10 MP: 7/7
   623 | D:1      | Reached XP level 2. HP: 14/16 MP: 9/9
  1110 | D:2      | Found a faded altar of an unknown god.
  1115 | D:2      | Got Plato's Vellum of the Boggart
  1331 | D:2      | Reached skill level 5 in Spellcasting
  1427 | D:2      | Reached XP level 3. HP: 12/20 MP: 11/11
  1431 | D:2      | Learned a level 3 spell: Mephitic Cloud
  1434 | D:2      | Learned a level 2 spell: Call Imp
  1437 | D:2      | Learned a level 2 spell: Blink
  1573 | D:2      | Reached skill level 1 in Fighting
  1573 | D:2      | Reached skill level 1 in Armour
  1601 | D:2      | Reached XP level 4. HP: 17/25 MP: 13/13
  1664 | D:2      | Found a glowing silver altar of Zin.
  1986 | D:3      | Identified the +0 helmet "Issutt" {Harm +Blink rPois}
  1986 | D:3      | Noticed Robin
  2002 | D:3      | Killed Robin
  2246 | D:3      | Reached XP level 5. HP: 29/29 MP: 15/15
  2265 | D:3      | Reached skill level 6 in Spellcasting
  2331 | D:3      | Reached skill level 1 in Shields
  3293 | D:4      | Reached skill level 1 in Evocations
  3428 | D:4      | Reached XP level 6. HP: 34/34 MP: 17/17
  3543 | D:4      | Noticed Sigmund
  3579 | D:4      | Reached skill level 1 in Necromancy
  3579 | D:4      | Reached skill level 1 in Alchemy
  3583 | D:4      | Killed Sigmund
  3584 | D:4      | Reached skill level 7 in Spellcasting
  3584 | D:4      | Reached skill level 1 in Air Magic
  3760 | D:4      | Reached XP level 7. HP: 34/38 MP: 19/19
  3958 | D:5      | Entered Level 5 of the Dungeon
  3970 | D:5      | Found a staircase to the Ecumenical Temple.
  3979 | Temple   | Entered the Ecumenical Temple
  3988 | Temple   | Became a worshipper of Vehumet
  4093 | D:5      | Found a sacrificial altar of Ru.
  4200 | D:5      | Reached skill level 8 in Spellcasting
  4356 | D:5      | Found a glowing drain.
  4393 | Sewer    | Entered a sewer
  4510 | Sewer    | Reached * piety under Vehumet
  4510 | Sewer    | Offered knowledge of Shock by Vehumet.
  4545 | Sewer    | Noticed Pargi
  4573 | Sewer    | Killed Pargi
  4574 | Sewer    | Reached skill level 9 in Spellcasting
  4574 | Sewer    | Reached XP level 8. HP: 39/44 MP: 23/23
  4937 | D:5      | Found an opulent altar of Gozag.
  5223 | D:6      | Reached skill level 5 in Conjurations
  5362 | D:6      | Reached skill level 10 in Spellcasting
  5750 | D:6      | Found Nafosk's Assorted Antiques.
  5770 | D:6      | Reached skill level 11 in Spellcasting
  5806 | D:6      | Bought a scroll labelled GEEDEI XUGG for 17 gold pieces
  5806 | D:6      | Bought a metallic orange potion for 15 gold pieces
  5806 | D:6      | Bought a thick platinum amulet for 85 gold pieces
  5865 | D:6      | Reached XP level 9. HP: 26/48 MP: 21/26
  6007 | D:6      | Found a basalt altar of Yredelemnul.
  6463 | D:7      | Noticed a manticore
  6523 | D:7      | Killed a manticore
  6675 | D:7      | Found a broken altar of Ashenzari.
  6675 | D:7      | Found a shimmering altar of Xom.
  6684 | D:7      | Reached skill level 12 in Spellcasting
  6889 | D:7      | Reached ** piety under Vehumet
  6889 | D:7      | Offered knowledge of Scorch by Vehumet.
  6993 | D:7      | Found a glowing silver altar of Zin.
  6993 | D:7      | Noticed an angel
  7157 | D:7      | Reached skill level 5 in Necromancy
  7278 | D:7      | Reached XP level 10. HP: 24/54 MP: 28/28
  7294 | D:7      | Reached skill level 13 in Spellcasting
  7383 | D:7      | Offered knowledge of Stone Arrow by Vehumet.
  7388 | D:7      | Learned a level 3 spell: Stone Arrow
  7390 | D:7      | Noticed a red ugly thing
  7402 | D:7      | Noticed a deep elf pyromancer
  7411 | D:7      | Killed a red ugly thing
  7412 | D:7      | Reached skill level 1 in Earth Magic
  7416 | D:7      | Killed a deep elf pyromancer
  7548 | D:7      | Noticed a deep elf pyromancer
  7554 | D:7      | Killed a deep elf pyromancer
  7608 | D:7      | Reached skill level 14 in Spellcasting
  7670 | D:7      | Identified the +4 battleaxe of the Unstoppable Lovers
                  | {flame, +Blink Int+3}
  7732 | D:7      | Reached *** piety under Vehumet
  7818 | D:7      | Noticed a two-headed ogre
  7823 | D:7      | Killed a two-headed ogre
  7949 | D:7      | Found an iron altar of Okawaru.
  8159 | D:7      | Noticed a two-headed ogre
  8162 | D:7      | Reached XP level 11. HP: 50/61 MP: 31/31
  8165 | D:7      | Killed a two-headed ogre
  8165 | D:7      | Offered knowledge of Sticky Flame by Vehumet.
  8241 | D:7      | Reached skill level 15 in Spellcasting
  8592 | D:8      | Noticed Erica
  8597 | D:8      | Killed Erica
  8598 | D:8      | Reached skill level 5 in Earth Magic
  8914 | D:8      | Noticed Maurice
  8952 | D:8      | Killed Maurice
  9053 | D:8      | Reached **** piety under Vehumet
  9054 | D:8      | Noticed Jeremiah
  9062 | D:8      | Killed Jeremiah
  9305 | D:8      | Noticed Psyche
  9318 | D:8      | Killed Psyche
  9319 | D:8      | Reached skill level 16 in Spellcasting
  9734 | D:9      | Offered knowledge of Brom's Barrelling Boulder by Vehumet.
  9818 | D:9      | Noticed a two-headed ogre
  9838 | D:9      | Killed a two-headed ogre
 10017 | D:9      | Found a staircase to the Lair.
 10174 | D:9      | Reached XP level 12. HP: 39/66 MP: 34/34
 10643 | D:9      | Found a snail-covered altar of Cheibriados.
 10677 | D:9      | Noticed a two-headed ogre
 10688 | D:9      | Killed a two-headed ogre
 10689 | D:9      | Reached skill level 5 in Armour
 10805 | D:10     | Entered Level 10 of the Dungeon
 10881 | D:10     | Found Nethup's Magic Scroll Emporium.
 10888 | D:10     | Bought a scroll of revelation for 105 gold pieces
 10888 | D:10     | Bought a scroll of teleportation for 42 gold pieces
 10888 | D:10     | Bought a scroll of identify for 28 gold pieces
 10951 | D:10     | Reached skill level 10 in Conjurations
 10960 | D:10     | Reached ***** piety under Vehumet
 10972 | D:10     | Offered knowledge of Lee's Rapid Deconstruction by Vehumet.
 10980 | D:10     | Reached skill level 17 in Spellcasting
 10986 | D:10     | Learned a level 5 spell: Lee's Rapid Deconstruction
 11260 | D:10     | Noticed a two-headed ogre
 11265 | D:10     | Killed a two-headed ogre
 11348 | D:10     | Identified the +6 ring mail of Hedonism {rN+}
 11590 | D:10     | Noticed Lodul
 11691 | D:10     | Killed Lodul
 12058 | D:11     | Found a staircase to the Orcish Mines.
 12259 | D:11     | Reached skill level 5 in Fighting
 12262 | D:11     | Reached skill level 18 in Spellcasting
 12336 | D:11     | Noticed a two-headed ogre
 12339 | D:11     | Killed a two-headed ogre
 12551 | D:11     | Noticed a tengu warrior
 12568 | D:11     | Killed a tengu warrior
 12807 | D:11     | Identified the +6 bardiche "Pudaem" {heavy, rElec rC-
                  | Int+3}
 13038 | D:12     | You fall into a shaft and drop 1 floor!
 13106 | D:13     | Found a frozen archway.
 13110 | D:13     | Reached XP level 13. HP: 66/72 MP: 37/37
 13125 | IceCv    | Entered an ice cave
 13434 | IceCv    | Identified a scroll of acquirement
 13435 | IceCv    | Acquired the +0 buckler of Proximity {Fly rC+ SInv}
 13574 | D:13     | Found a flickering gateway to a bazaar.
 13581 | D:13     | Found Ybonwayl's Book Shoppe.
 13583 | Bazaar   | Entered a bazaar
 13604 | Bazaar   | Found Koyskugh's Antique Weapon Emporium.
 13604 | Bazaar   | Found Ruwkolum's Antique Weapon Shoppe.
 13629 | Bazaar   | Found Caggud's Antique Armour Shoppe.
 13629 | Bazaar   | Found Izuxzung's Antique Armour Emporium.
 13702 | D:13     | Learned a level 6 spell: Bombard
 13734 | D:13     | Reached skill level 19 in Spellcasting
 13737 | D:13     | Offered knowledge of Irradiate by Vehumet.
 13745 | D:13     | Learned a level 5 spell: Irradiate
 14424 | D:12     | Noticed Josephine
 14428 | D:12     | Killed Josephine
 14620 | D:12     | Identified the +2 leather armour of Ethics {rC- Dex+2 SInv}
 14635 | D:12     | Noticed Jorgrun
 14641 | D:12     | Killed Jorgrun
 14753 | D:12     | Reached skill level 5 in Shields
 14847 | D:12     | Got the Meditations on the Portentous Jaunt
 15505 | D:13     | Reached skill level 20 in Spellcasting
 15910 | D:13     | Found a gate to the Vaults.
 16970 | D:14     | Found a hazy altar of Hepliaklqana.
 17033 | D:14     | Reached XP level 14. HP: 61/78 MP: 35/40
 17034 | D:14     | Reached skill level 10 in Earth Magic
 17277 | D:14     | Identified the +4 scale mail of Patience {Fly Int+3 Dex+5}
 17474 | D:14     | Found a broken altar of Ashenzari.
 17968 | D:15     | Entered Level 15 of the Dungeon
 17984 | D:15     | Offered knowledge of Eringya's Noxious Bog by Vehumet.
 18118 | D:15     | Found a staircase to the Depths.
 18836 | D:15     | Reached skill level 21 in Spellcasting
 18934 | D:15     | Identified the +8 broad axe of Zeonax {protect, rElec rF+
                  | Str+2}
 19027 | D:15     | Found a runed translucent door.
 19551 | Lair:1   | Entered Level 1 of the Lair of Beasts
 19592 | Lair:1   | Noticed Fannar
 19600 | Lair:1   | Killed Fannar
 20420 | Lair:1   | Found a runed translucent door.
 20627 | Lair:1   | Reached skill level 1 in Fire Magic
 20627 | Lair:1   | Reached skill level 1 in Ice Magic
 20686 | Lair:1   | Got the Compilation of Malisons
 20778 | Lair:2   | You are sucked into a shaft and drop 2 floors!
 21057 | Lair:2   | Found a hole to the Spider Nest.
 21129 | Lair:2   | Offered knowledge of Orb of Destruction by Vehumet.
 21238 | Lair:2   | Found a staircase to the Shoals.
 21258 | Lair:2   | Reached XP level 15. HP: 71/82 MP: 30/42
 21503 | Lair:2   | Found a runed translucent door.
 21504 | Lair:2   | Noticed lunkers's ghost (journeyman CoBe)
 21780 | Lair:2   | Reached skill level 22 in Spellcasting
 22136 | Lair:2   | Killed lunkers's ghost
 22212 | Lair:2   | Got the Omnibus of Reshaped Arson
 22218 | Lair:2   | Learned a level 4 spell: Petrify
 23042 | Lair:4   | Offered knowledge of Ozocubu's Refrigeration by Vehumet.
 23054 | Lair:3   | Learned a level 7 spell: Ozocubu's Refrigeration
 23647 | Lair:4   | Reached skill level 5 in Ice Magic
 24103 | Lair:4   | Found a viscous altar of Jiyva.
 24105 | Lair:4   | Found a staircase to the Slime Pits.
 24418 | Lair:5   | Entered Level 5 of the Lair of Beasts
 24434 | Lair:5   | Reached skill level 23 in Spellcasting
 24615 | Lair:5   | Identified the +1 leather armour of Past Mistakes {rF+
                  | Int+4}
 24939 | Lair:5   | Reached XP level 16. HP: 72/88 MP: 45/45
 25418 | Lair:5   | Paralysed by a hornet for 1 turns
 25499 | Lair:5   | Got the Teachings on Lucent Citrinitas
 26270 | Orc:1    | Entered Level 1 of the Orcish Mines
 26270 | Orc:1    | Noticed Erolcha
 26271 | Orc:1    | Killed Erolcha
 26426 | Orc:1    | Reached ****** piety under Vehumet
 26577 | Orc:1    | Found Vunobbua's Antique Armour Boutique.
 26712 | Orc:2    | Entered Level 2 of the Orcish Mines
 26712 | Orc:2    | Found a staircase to the Elven Halls.
 26741 | Orc:2    | Offered knowledge of Spellforged Servitor by Vehumet.
 26909 | Orc:2    | Reached skill level 24 in Spellcasting
 27015 | Orc:2    | Found Mitzeuta's Antique Armour Shop.
 27509 | Orc:2    | Found Laypey's Antique Weapon Emporium.
 27519 | Orc:2    | Found Gisuask's Weapon Boutique.
 27520 | Orc:2    | Found Orumax's Book Shop.
 27644 | Orc:2    | Found Binlet's Antique Weapon Shop.
 27675 | Orc:2    | Found Jexirio's General Store.
 27720 | Orc:2    | Bought a scroll of identify for 30 gold pieces
 27720 | Orc:2    | Bought a potion of curing for 45 gold pieces
 27720 | Orc:2    | Bought a scroll of revelation for 112 gold pieces
 27720 | Orc:2    | Bought a scroll of identify for 30 gold pieces
 27848 | Orc:2    | Found Zaoduczi's Book Shoppe.
 28109 | Shoals:1 | Entered Level 1 of the Shoals
 28311 | Shoals:1 | Noticed a kraken
 28329 | Shoals:1 | Killed a kraken
 28384 | Shoals:1 | Reached skill level 15 in Conjurations
 28534 | Shoals:1 | Found the +11 Singing Sword {sonic wave}
 28944 | Shoals:1 | Found Eschagei's General Store.
 28952 | Shoals:1 | Bought a potion of magic for 160 gold pieces
 29174 | Shoals:2 | Offered knowledge of Lehudib's Crystal Spear by Vehumet.
 29184 | Shoals:2 | Learned a level 8 spell: Lehudib's Crystal Spear
 29583 | Shoals:2 | Reached XP level 17. HP: 96/96 MP: 40/47
 29837 | Shoals:1 | Upgraded the game from 0.32-a0-799-g95e1662365 to
                  | 0.32-a0-814-g0968bab981
 30218 | Shoals:2 | Noticed Ilsuiw
 30236 | Shoals:2 | Killed Ilsuiw
 30695 | Shoals:3 | Noticed Polyphemus
 30708 | Shoals:2 | Killed Polyphemus
 31183 | Shoals:3 | Reached skill level 25 in Spellcasting
 32283 | Shoals:4 | Entered Level 4 of the Shoals
 32376 | Shoals:4 | Offered knowledge of Fire Storm by Vehumet.
 32376 | Shoals:4 | Offered knowledge of Chain Lightning by Vehumet.
 32376 | Shoals:4 | Offered knowledge of Polar Vortex by Vehumet.
 32798 | Shoals:4 | Noticed Bai Suzhen
 32815 | Shoals:4 | Killed Bai Suzhen
 32897 | Shoals:4 | Killed by miscasting Ozocubu's Refrigeration

Illustrated notes

Levels and vault maps discovered:
D:1:      kilobyte_arrival_exit_the_forest, layout_rooms
D:2:      layout_loops_ring, shapermc_ecumenical_altar_rom_forum, basic_altar,
          chequers_avenue, kennysheep_nub
D:3:      minmay_chambers_of_threes, layout_basic,
          chequers_serial_rivers_micro_b, serial_park_tiny_2, uniq_robin
D:4:      layout_loops_ring, uniq_sigmund
D:5:      layout_basic, mainiacjoe_overflow_brackets,
          nicolae_gozag_cash_rules_everything_around_me,
          minmay_temple_entry_ruins, gup_sewer_entry_glass
D:6:      layout_basic, yredelemnul_forgotten_temple_becter, serial_shops, shop
D:7:      nzn_winding_woodlands_large [nzn_winding_woodlands_5x5_three,
          nzn_winding_woodlands_5x15_river_crossing,
          nzn_winding_woodlands_5x5_perimeter,
          nzn_winding_woodlands_center_lodge,
          nzn_winding_woodlands_15x15_five_gardens,
          nzn_winding_woodlands_center_triple_pond,
          nzn_winding_woodlands_5x5_closed_star,
          nzn_winding_woodlands_5x15_longhouse,
          nzn_winding_woodlands_hourglass], layout_basic, okawaru_humans,
          jmf_multi_god_temple, zin_angel, eino_curves_01, hex_medium
D:8:      wad_woods_tower, layout_basic, solitary_fountain, uniq_jeremiah,
          uniq_erica, uniq_maurice, uniq_psyche
D:9:      layout_stronghold, mainiacjoe_overflow_six_doors_small,
          due_lair_maze_entry_diamond
D:10:     layout_cave_pods, serial_shops, nicolae_shop_tiny_glass, uniq_lodul
D:11:     layout_rooms
D:12:     layout_stronghold, uniq_jorgrun, uniq_josephine
D:13:     layout_stronghold, hangedman_vaults_entry_quadrant_bands, serial_ice,
          serial_ice_c, serial_ice_n, serial_ice_l, serial_ice_g,
          portal_ice_cave_entry_animals_and_master, serial_shops,
          bzr_entry_dummy, shop
D:14:     layout_grid_maze, nicolae_ashenzari_panopticon,
          nicolae_hepliaklqana_hippocampus
D:15:     gammafunk_depths_entry_grave, layout_rooms, hangedman_decor_push,
          dreamdust_wishing_well, minmay_crystal_box
Temple:   nicolae_temple_ecumenical_triangle
Lair:1:   gammafunk_lair_enchanted_lake, layout_regular_city, uniq_fannar
Lair:2:   regret_index_combs_of_tragedy, layout_regular_city,
          minmay_shoals_entry_beasts, nicolae_spider_entry_non_spiders,
          gammafunk_ghost_grave, worms_lemuel
Lair:3:   layout_chaotic_city, eino_house_with_fridge
Lair:4:   layout_regular_city, minmay_slime_entry_oklob_enclosed
Lair:5:   minmay_lair_end_enchanted_forest, layout_hall_layers,
          infiniplex_staircase_pool_2
Shoals:1: layout_shoals, serial_shops, nicolae_shop_tiny_waterfront
Shoals:2: layout_shoals, uniq_ilsuiw
Shoals:3: layout_shoals, uniq_polyphemus
Shoals:4: shoals_end_hangedman, layout_shoals, uniq_bai_suzhen
Orc:1:    cheibrodos_orc_bank, layout_diamond_mine, serial_shops,
          nicolae_shop_tiny_glass, uniq_erolcha
Orc:2:    st_orc_open, layout_caves, serial_shops, shop, shop,
          nicolae_shop_stone

Skill      XL: |  1  2  3  4  5  6  7  8  9 10 11 12 13 14 15 16 17 |
---------------+----------------------------------------------------+-----
Spellcasting   | 5 6 7 9 11 12 14 16 18 20 21 23 24 25 | 25.4
Fighting       | 1 2 4 5 6 7 |  7.0
Armour         | 1 3 4 5 6 7 |  7.4
Conjurations   | 2 3 4 5 7 8 9 11 12 13 14 15 | 15.7
Dodging        | 3 |  3.0
Shields        | 1 3 5 6 |  6.5
Stealth        | 3 |  3.0
Evocations     | 1 |  1.0
Necromancy     | 2 5 |  5.2
Alchemy        | 1 2 |  2.0
Air Magic      | 1 2 |  2.0
Earth Magic    | 4 6 8 9 11 12 13 | 13.9
Fire Magic     | 1 |  1.0
Ice Magic      | 2 5 7 9 |  9.1
Summonings     | |  1.1
Translocations | |  1.1

Action                     |  1- 3 |  4- 6 |  7- 9 | 10-12 | 13-15 | 16-18 || total
---------------------------+-------+-------+-------+-------+-------+-------++-------
  Melee: Dagger            |     6 |    29 |    84 |       |       |       ||   119
         Short sword       |       |       |   109 |   163 |     5 |       ||   277
         Staff             |       |       |       |       |    18 |     4 ||    22
   Cast: Magic Dart        |    60 |   105 |   202 |    22 |    22 |    15 ||   426
         Mephitic Cloud    |     2 |     9 |    30 |    37 |    12 |    14 ||   104
         Call Imp          |     1 |     1 |    13 |       |       |     1 ||    16
         Blink             |       |       |     2 |       |     2 |     5 ||     9
         Stone Arrow       |       |       |       |   136 |   113 |   146 ||   395
         Lee's Rapid Decon |       |       |       |    49 |   353 |   186 ||   588
         Bombard           |       |       |       |       |    32 |   133 ||   165
         Irradiate         |       |       |       |       |     4 |       ||     4
         Petrify           |       |       |       |       |       |    13 ||    13
         Ozocubu's Refrige |       |       |       |       |       |     7 ||     7
  Evoke: Wand              |       |       |     3 |       |       |       ||     3
    Use: Scroll            |       |       |       |     1 |    25 |     4 ||    30
         Potion            |       |       |       |       |       |     1 ||     1
   Stab: Confused          |     1 |     5 |    20 |    17 |     5 |       ||    48
 Armour: Robe              |    10 |    34 |   146 |   105 |    23 |       ||   318
         Ring mail         |       |       |       |       |   145 |   170 ||   315
  Dodge: Dodged            |    10 |    23 |   119 |   113 |    84 |    73 ||   422
  Block: Other             |       |       |    21 |    39 |     6 |       ||    66
         Reflection        |       |       |     1 |     5 |     4 |       ||    10
         Buckler           |       |       |       |       |    36 |    41 ||    77

Table legend: (Time is in decaauts)
 A = Elapsed time spent in this place.
 B = Non-inter-level travel time spent in this place.
 C = Inter-level travel time spent in this place.
 D = Time resting spent in this place.
 E = Time spent auto-exploring this place.
 F = Levels seen in this place.
 G = Mean time per level.
                   A        B        C        D        E       F      G
               +--------+--------+--------+--------+--------+-----+--------+
         Total |  32949 |  30786 |   2163 |   1932 |  23595 |  30 | 1098.3 |
       Dungeon |  19119 |  17662 |   1457 |    477 |  14079 |  15 | 1274.6 |
        Temple |    115 |    105 |     10 |      0 |      0 |   1 |  115.0 |
          Lair |   6508 |   6169 |    339 |    335 |   4898 |   5 | 1301.6 |
        Shoals |   4790 |   4567 |    223 |   1041 |   2954 |   4 | 1197.5 |
  Orcish Mines |   1733 |   1602 |    131 |     79 |   1179 |   2 |  866.5 |
        Bazaar |     80 |     80 |      0 |      0 |     67 |   1 |   80.0 |
         Sewer |    245 |    245 |      0 |      0 |    179 |   1 |  245.0 |
      Ice Cave |    356 |    356 |      0 |      0 |    239 |   1 |  356.0 |
               +--------+--------+--------+--------+--------+-----+--------+

Top non-repeatable levels by time:
     D:7: 2216 daAuts
    D:13: 1743 daAuts
     D:6: 1542 daAuts
  Lair:5: 1514 daAuts
Shoals:2: 1459 daAuts
    D:14: 1431 daAuts
Shoals:3: 1429 daAuts
Shoals:1: 1406 daAuts
  Lair:4: 1388 daAuts
  Lair:2: 1380 daAuts
    D:10: 1376 daAuts
    D:15: 1258 daAuts
  Lair:1: 1256 daAuts
     D:8: 1213 daAuts
    D:12: 1207 daAuts
